 Dungeon Crawl Stone Soup version 0.20-a0-277-g7db01f4 (webtiles) character file.

513 Junicave the Sneak (level 7, -3/43 HPs)
             Began as an Octopode Transmuter on Dec 12, 2016.
             Was a Priest of Lugonu.
             Slain by a hound (5 damage)
             ... on level 5 of the Dungeon.
             The game lasted 00:41:19 (6155 turns).

Junicave the Sneak (Octopode Transmuter)            Turns: 6155, Time: 00:41:19

Health: -3/43      AC:  1    Str: 10    XL:     7   Next: 19%
Magic:  12/12      EV: 14    Int: 16    God:    Lugonu [***...]
Gold:   172        SH:  2    Dex: 13    Spells: 10/13 levels left

rFire  + . .     SeeInvis .     k - -3 dagger (curse)
rCold  . . .     Gourm    .     (no shield)
rNeg   . . .     Faith    .     (helmet restricted)
rPois  .         Spirit   .     B - +2 amulet of reflection
rElec  .         Reflect  +     j - ring of protection from fire
rCorr  .         Harm     .     v - ring of flight
MR     .....                    (no ring)
Stlth  ++++......               (no ring)
                                (no ring)
                                (no ring)
                                (no ring)
                                (no ring)

@: starving
A: almost no armour, stealthy swim, amphibious, 8 rings, constrict 8, camouflage
1, gelatinous body 1
a: Depart the Abyss, Bend Space, Banish, Renounce Religion, Evoke Flight


You were on level 5 of the Dungeon.
You worshipped Lugonu.
Lugonu was most pleased with you.
You were starving.

You visited 1 branch of the dungeon, and saw 5 of its levels.

You collected 172 gold pieces.

Inventory:

Hand Weapons
 e - a +0 club
 k - a cursed -3 dagger (weapon)
 o - a +0 dagger
 s - a +0 hunting sling
 x - a +0 rapier
 C - a +0 mace
 E - a +0 dagger
Missiles
 f - 145 stones (quivered)
Armour
 n - a +0 cloak
Jewellery
 j - a ring of protection from fire (left tentacle)
 v - a ring of flight (right tentacle)
 B - a +2 amulet of reflection (around mantle)
Scrolls
 r - 2 scrolls of teleportation
 t - a scroll of amnesia
 w - a scroll of noise
 y - a scroll of recharging {unknown}
 A - a scroll of fear {unknown}
Potions
 g - 2 potions of mutation {unknown}
 h - a potion of might
 l - 3 potions of beneficial mutation {unknown}
 p - 2 potions of degeneration {unknown}
 u - 3 potions of flight {unknown}
 z - a potion of lignification
Books
 b - a book of Changes

   Spells                             Type                      Level
   a - Beastly Appendage              Transmutation                1
   b - Sticks to Snakes               Transmutation                2
   c - Spider Form                    Transmutation/Poison         3
   d - Ice Form                       Ice/Transmutation            4
   e - Blade Hands                    Transmutation                5
Comestibles
 c - 2 bread rations
 i - 9 fruits
 m - a beef jerky
 q - 2 meat rations


   Skills:
 + Level 1.6 Fighting
 + Level 1.1 Short Blades
 + Level 3.2 Dodging
 + Level 4.4 Stealth
 + Level 3.5 Unarmed Combat
 + Level 3.9 Spellcasting
 + Level 4.1 Transmutations


You had 10 spell levels left.
You knew the following spells:

 Your Spells              Type           Power        Failure   Level  Hunger
a - Beastly Appendage     Tmut           ###...       3%          1    None
b - Sticks to Snakes      Tmut           ###.....     6%          2    ##.....


Dungeon Overview and Level Annotations

Branches:
Dungeon (5/15)
 Temple: D:4-7

Altars:
Fedhas
Lugonu

Annotations:
D:4 Menkaure; yrara's ghost, amateur GrFi
D:5 patman's ghost, novice DEAs


Innate Abilities, Weirdness & Mutations

You cannot wear most types of armour.
You are very stealthy in the water. (Stealth+)
You are amphibious.
You can wear up to eight rings at the same time.
You can use your tentacles to constrict eight enemies at once.
Your skin changes colour to match your surroundings (Stealth+).
Your rubbery body absorbs attacks. (AC +1, EV +1)


Message History

You closely miss the hound. Your grab misses the hound.
The hound closely misses you. The hound barely misses you.
You don't have the energy to cast that spell.
You don't have the energy to cast that spell.
You closely miss the hound. Your grab misses the hound.
The hound barely misses you.
You hit the hound but do no damage. Your grab misses the hound.
The hound bites you.
* * * LOW HITPOINT WARNING * * *
You hit the hound but do no damage. Your grab misses the hound.
The hound barely misses you. The hound bites you.
* * * LOW HITPOINT WARNING * * *
The hound bites you.
* * * LOW HITPOINT WARNING * * *
The hound bites you.
* * * LOW HITPOINT WARNING * * *
The hound barely misses you.
You're too hungry.
The hound bites you.
You die...

#########
........###
#......#######.
#.##.#h@.......
#.#########.
#.#######
#<.......
#########


You could see a hound.

Vanquished Creatures
  Grinder (D:3)
  A centaur zombie (D:5)
  Ijyb (D:2)
  An iguana (D:5)
  A worker ant (D:4)
  12 adders
  An ooze (D:2)
  3 dart slugs
  A leopard gecko (D:2)
  2 orcs (D:3)
  3 giant cockroaches
  11 goblins
  3 hobgoblins
  14 jackals
  2 quokkas
  8 bats
  A frilled lizard (D:4)
  5 kobolds
  6 rats
77 creatures vanquished.

Vanquished Creatures (collateral kills)
  Sigmund (D:2)
  3 gnolls (D:3)
  2 adders (D:3)
  A worm (D:3)
  2 orcs (D:3)
  A giant cockroach (D:2)
  5 hobgoblins
  3 frilled lizards
  3 kobolds
  3 rats
24 creatures vanquished.

Grand Total: 101 creatures vanquished

Notes
Turn   | Place    | Note
-------+----------+-------------------------------------------
     0 | D:1      | Junicave the Octopode Transmuter began the quest for the Orb.
     0 | D:1      | Reached XP level 1. HP: 13/13 MP: 3/3
    31 | D:1      | Reached XP level 2. HP: 7/18 MP: 5/5
   345 | D:1      | Learned a level 2 spell: Sticks to Snakes
   566 | D:1      | Reached XP level 3. HP: 21/23 MP: 0/6
   666 | D:2      | Found a faded altar of an unknown god.
   701 | D:2      | Became a worshipper of Lugonu the Unformed
   701 | D:2      | Reached * piety under Lugonu
   701 | D:2      | Reached ** piety under Lugonu
  1194 | D:2      | Reached skill level 1 in Stealth
  1344 | D:2      | Reached XP level 4. HP: 21/28 MP: 2/7
  1424 | D:2      | Noticed Ijyb
  1581 | D:2      | Noticed Sigmund
  1817 | D:3      | Found a blossoming altar of Fedhas.
  2068 | D:2      | Killed Ijyb
  2068 | D:2      | Reached XP level 5. HP: 25/33 MP: 1/9
  2517 | D:3      | Noticed Grinder
  2548 | D:3      | Reached *** piety under Lugonu
  2614 | D:3      | Paralysed by Grinder for 7 turns
  3728 | D:4      | Noticed Menkaure
  3845 | D:4      | Noticed yrara's ghost (amateur GrFi)
  4081 | D:5      | Entered Level 5 of the Dungeon
  4275 | D:5      | Reached XP level 6. HP: 38/38 MP: 9/11
  4354 | D:5      | Noticed a black bear
  4669 | D:5      | Noticed patman's ghost (novice DEAs)
  5042 | D:2      | Killed Sigmund
  5042 | D:2      | Reached skill level 1 in Short Blades
  5311 | D:3      | Paralysed by Grinder for 2 turns
  5319 | D:3      | Killed Grinder
  5319 | D:3      | Reached XP level 7. HP: 8/43 MP: 6/12
  6150 | D:5      | HP: 2/43 [hound (1)]
  6155 | D:5      | Slain by a hound

Vault maps used:
D:1:      lemuel_arrival_river_bridge
D:2:      chequers_ecumenical_altar_island, uniq_sigmund, uniq_iyjb
D:3:      fedhas_altar_2, kennysheep_generic_room_15, uniq_grinder
D:4:      uniq_menkaure
D:5:      first_bread

Skill      XL: |  1  2  3  4  5  6 |
---------------+-------------------+-----
Stealth        | 1 2 3 4 |  4.4
Transmutations | 3 4 |  4.1
Spellcasting   | 3 |  3.9
Short Blades   | 1 |  1.1
Dodging        | 3 |  3.2
Fighting       | |  1.6
Unarmed Combat | |  3.5

Action                   |  1- 3 |  4- 6 |  7- 9 || total
-------------------------+-------+-------+-------++-------
Melee: Unarmed           |    31 |       |       ||    31
       Constrict         |    19 |    36 |     1 ||    56
       Tentacles         |    12 |    29 |     3 ||    44
       Dagger            |    42 |   155 |    27 ||   224
       Kick              |    15 |    32 |     6 ||    53
       Punch             |     2 |     5 |     2 ||     9
 Cast: Beastly Appendage |     9 |    24 |     3 ||    36
       Sticks to Snakes  |    14 |    41 |       ||    55
Invok: Bend Space        |       |     3 |     1 ||     4
  Use: Scroll            |       |     6 |       ||     6
       Potion            |       |       |     1 ||     1
 Stab: Sleeping          |     5 |    12 |       ||    17
       Distracted        |       |     3 |       ||     3
  Eat: Chunk             |     2 |    15 |       ||    17
       Fruit             |       |       |     1 ||     1
Armor: Skin              |     9 |    18 |     1 ||    28
Dodge: Dodged            |    63 |   114 |    24 ||   201
Block: Other             |       |     2 |     1 ||     3
